 Dungeon Crawl Stone Soup version 0.19-a0-1738-gbb2db12 (webtiles) character file.

79 Flanowski the Chopper (level 4, -10/34 HPs)
             Began as a Demonspawn Gladiator on Oct 1, 2016.
             Killed from afar by Ijyb (15 damage)
             ... with a wand of lightning
             ... on level 2 of the Dungeon.
             The game lasted 00:02:25 (1346 turns).

Flanowski the Chopper (Demonspawn Gladiator)        Turns: 1346, Time: 00:02:26

Health: -10/34     AC:  4    Str: 15    XL:     4   Next: 16%
Magic:  4/4        EV: 13    Int:  9    God:
Gold:   78         SH:  0    Dex: 15    Spells: 0 memorised, 3 levels left

rFire  . . .     SeeInvis .     a - +0 war axe
rCold  . . .     Gourm    .     b - +0 leather armour
rNeg   . . .     Faith    .     (no shield)
rPois  .         Spirit   .     c - +0 helmet
rElec  .         Dismiss  .     (no cloak)
rCorr  .         Reflect  .     (no gloves)
MR     .....     Harm     .     (no boots)
Stlth  +.........               (no amulet)
                                (no ring)
                                (no ring)

@: no status effects
A: powered by death 1
a: no special abilities


You were on level 2 of the Dungeon.
You were hungry.

You visited 1 branch of the dungeon, and saw 2 of its levels.

You collected 78 gold pieces.

Inventory:

Hand Weapons
 a - a +0 war axe (weapon)
Missiles
 d - 3 throwing nets (quivered)
Armour
 b - a +0 leather armour (worn)
 c - a +0 helmet (worn)
Jewellery
 i - an uncursed ring of poison resistance {unknown}
Scrolls
 e - a scroll of recharging {unknown}
 j - a scroll of enchant weapon {unknown}
 n - a scroll of identify {unknown}
 p - 2 scrolls of remove curse {unknown}
Potions
 h - 3 potions of curing {unknown}
 l - 2 potions of degeneration {unknown}
 o - a potion of resistance {unknown}
Comestibles
 f - 2 bread rations
 g - 3 meat rations
 k - a beef jerky
 m - 2 chunks of flesh


   Skills:
 * Level 2.4 Fighting
 + Level 3.8 Axes
 - Level 1.7 Throwing
 + Level 0.6 Armour
 + Level 3.2 Dodging


You had 3 spell levels left.
You didn't know any spells.

Dungeon Overview and Level Annotations

Branches:
Dungeon (2/15)

Altars:
Ashenzari
Hepliaklqana
Uskayaw

Annotations:
D:2 Ijyb


Innate Abilities, Weirdness & Mutations

You regenerate a little health from kills.


Message History

You slash the adder!
You kill the adder!
Ijyb zaps a wand.
The bolt of lightning hits you!
It is a wand of lightning.
A kobold comes into view.
It is wielding a short sword of holy wrath.
You see here an adder corpse.
The kobold shouts!
Ijyb hits you with a dagger of speed. Ijyb barely misses you.
You closely miss Ijyb. Ijyb hits you with a dagger of speed.
You hit Ijyb.
Ijyb is lightly wounded.
Ijyb hits you with a dagger of speed. Ijyb closely misses you.
You slash Ijyb!
Ijyb is heavily wounded.
Ijyb screams, "Die!"
Ijyb barely misses you.
Ijyb zaps a wand.
The bolt of lightning hits you!
* * * LOW HITPOINT WARNING * * *
You hit Ijyb.
Ijyb is heavily wounded.
Ijyb zaps a wand.
The bolt of lightning hits you!
You die...

#....S..#
#..
#.......
#..
#.....g
+.. .....
#.. ...
### #'#
#K# #g#
#@# #.#
#†# #.#
#.# #.#
#.# #.#
#.#


You could see Ijyb and a kobold.

Vanquished Creatures
  4 adders (D:2)
  2 oozes (D:2)
  A worm (D:2)
  2 dart slugs
  A leopard gecko (D:1)
  2 giant cockroaches (D:1)
  3 kobolds (D:1)
  2 ball pythons (D:1)
  4 bats
  A frilled lizard (D:2)
  5 goblins
  6 rats
33 creatures vanquished.

Notes
Turn   | Place    | Note
-------+----------+-------------------------------------------
     0 | D:1      | Flanowski the Demonspawn Gladiator began the quest for the Orb.
     0 | D:1      | Reached XP level 1. HP: 16/16 MP: 1/1
   152 | D:1      | Gained mutation: You regenerate a little health from kills. [demonic ancestry]
   152 | D:1      | Reached XP level 2. HP: 22/22 MP: 2/2
   424 | D:2      | Found a shattered altar of Ashenzari.
   680 | D:2      | Noticed a dagger
   680 | D:2      | Noticed a hand axe
   681 | D:2      | Found a hide-covered altar of Uskayaw.
   694 | D:2      | Reached XP level 3. HP: 26/27 MP: 3/3
   875 | D:2      | Found a hazy altar of Hepliaklqana.
  1172 | D:2      | Noticed Ijyb
  1184 | D:2      | Reached XP level 4. HP: 20/33 MP: 4/4
  1346 | D:2      | Killed from afar by Ijyb

Vault maps used:
D:1:      dpeg_arrival_simpleton_c
D:2:      dancing_weapons_uskayaw, overflow_temple_1_default,
          evilmike_ruin_ashenzari, uniq_iyjb

Skill      XL: |  1  2  3 |
---------------+----------+-----
Axes           | 3 |  3.8
Dodging        | 3 |  3.2
Fighting       | |  2.4
Throwing       | |  1.7
Armour         | |  0.6

Action                   |  1- 3 |  4- 6 || total
-------------------------+-------+-------++-------
Melee: War axe           |    96 |     5 ||   101
 Stab: Sleeping          |     2 |       ||     2
  Eat: Chunk             |     1 |       ||     1
Armor: Leather armour    |    36 |       ||    36
Dodge: Dodged            |    75 |     4 ||    79
